 Dungeon Crawl Stone Soup version 0.20-a0-629-gc37eb77 (webtiles) character file.

154 krabocopter the Slasher (level 5, -1/29 HPs)
             Began as a Vine Stalker Fighter on Feb 10, 2017.
             Killed from afar by an orc wizard (4 damage)
             ... with a puff of frost
             ... on level 4 of the Dungeon.
             The game lasted 00:07:19 (2578 turns).

krabocopter the Slasher (Vine Stalker Fighter)      Turns: 2578, Time: 00:07:20

Health: -1/29      AC:  3    Str: 23    XL:     5   Next: 36%
Magic:  0/6        EV:  8    Int:  8    God:
Gold:   149        SH: 10    Dex: 20    Spells: 4/4 levels left

rFire    . . .     SeeInvis .   a - +0 long sword
rCold    . . .     Gourm    .   e - +0 leather armour
rNeg     . . .     Faith    .   c - +0 shield
rPois    .         Spirit   +   (no helmet)
rElec    .         Reflect  .   (no cloak)
rCorr    .         Harm     .   (no gloves)
MR       .....                  (no boots)
Stlth    ++........             (no amulet)
Regen    0.5/turn               (no ring)
                                t - +5 ring of dexterity

@: mighty
A: fangs 2, regeneration 1, magic shield, antimagic bite, no potion heal 3, rot
immunity
a: no special abilities


You were on level 4 of the Dungeon.
You were not hungry.

You visited 1 branch of the dungeon, and saw 4 of its levels.

You collected 149 gold pieces.

Inventory:

Hand Weapons
 a - a +0 long sword (weapon)
Armour
 c - a +0 shield (worn)
 e - a +0 leather armour (worn)
Jewellery
 t - a +5 ring of dexterity (left hand)
Scrolls
 b - 2 scrolls of teleportation {unknown}
 i - 2 scrolls of remove curse {unknown}
 k - 2 scrolls of immolation {unknown}
 l - a scroll of noise {unknown}
 o - 6 scrolls of identify {unknown}
 p - a scroll of amnesia {unknown}
Potions
 d - a potion of might
 j - a potion of magic {unknown}
 m - 3 potions of brilliance {unknown}
 q - 2 potions of curing
 s - a potion of degeneration {unknown}
Comestibles
 f - 6 bread rations
 g - a royal jelly
 h - 6 fruits
 n - 4 meat rations
 r - 2 chunks of flesh


   Skills:
 + Level 3.7 Fighting
 * Level 4.1 Long Blades
 - Level 2.4 Armour
 - Level 2.6 Shields


You had 4 spell levels left.
You didn't know any spells.

Dungeon Overview and Level Annotations

Branches:
Dungeon (4/15)
 Temple: D:4-7

Altars:
Dithmenos


Innate Abilities, Weirdness & Mutations

You have extremely sharp teeth.
Your natural rate of healing is unusually fast.
When hurt, damage is shared between your health and your magic reserves.
Your bite disrupts and absorbs the magic of your enemies.
Potions cannot restore your health.
You are immune to rotting.


Message History

* * * LOW HITPOINT WARNING * * *
The orc wizard hits you but does no damage.
You hit the orc wizard. Your bite misses the orc wizard.
The orc wizard is almost dead.
You hear some strange, mumbled words.
A puff of frost appears from out of thin air!
The puff of frost hits you!
* * * LOW HITPOINT WARNING * * *
You block the orc wizard's attack. Something completely misses you.
You closely miss the orc wizard.
The orc wizard is almost dead.
Something hits you.
* * * LOW HITPOINT WARNING * * *
The orc wizard barely misses you. You block something's attack.
Unknown command.
You feel very mighty all of a sudden.
You hear some strange, mumbled words.
A puff of frost appears from out of thin air!
The puff of frost hits you!
You die...

#.h. #.####..#
#...##รท####..#
#.......#..#
#...##.##.#..#
########.......#
#.......###.#.##
#.#####.# #.#.######
#.##.#####.###.#.......
#...oo@..............##
####.#{........##.##.##
# #...#.##########..
.......# #...###
###...### #.>.#.# #...#
#.. #...# ### #....


You could see an orc wizard and an orc.

Vanquished Creatures
  An orc wizard (D:4)
  6 adders
  An adder skeleton (D:3)
  2 worms
  4 leopard geckos
  3 ball pythons
  5 giant cockroaches
  5 goblins
  6 hobgoblins
  3 quokkas
  5 bats
  3 frilled lizards (D:1)
  7 kobolds
  9 rats
60 creatures vanquished.

Notes
Turn   | Place    | Note
-------+----------+-------------------------------------------
     0 | D:1      | krabocopter the Vine Stalker Fighter began the quest for the Orb.
     0 | D:1      | Reached XP level 1. HP: 11/11 MP: 2/2
   131 | D:1      | Reached skill level 2 in Long Blades
   242 | D:1      | Reached XP level 2. HP: 16/16 MP: 3/3
   757 | D:2      | Reached XP level 3. HP: 16/20 MP: 2/4
  1267 | D:2      | Reached skill level 3 in Long Blades
  1267 | D:2      | Gained mutation: Your natural rate of healing is unusually fast. [Vine Stalker growth]
  1267 | D:2      | Reached XP level 4. HP: 16/24 MP: 3/5
  2126 | D:3      | Reached XP level 5. HP: 22/29 MP: 4/6
  2192 | D:3      | Found a shadowy altar of Dithmenos.
  2573 | D:4      | Reached skill level 4 in Long Blades
  2578 | D:4      | Killed from afar by an orc wizard

Vault maps used:
D:1:      dpeg_arrival_castle, minmay_misc_feat_enclosed, minmay_misc_feat_alley
D:3:      grunt_dithmenos_smoke_and_mirrors
D:4:      minmay_temple_entry_from_below_a

Skill      XL: |  1  2  3  4  5 |
---------------+----------------+-----
Long Blades    | 2 3 4 |  4.1
Fighting       | 3 |  3.7
Armour         | |  2.4
Shields        | |  2.6

Action                   |  1- 3 |  4- 6 || total
-------------------------+-------+-------++-------
Melee: Long sword        |    57 |    89 ||   146
       Bite              |    17 |    28 ||    45
  Use: Potion            |     1 |     1 ||     2
 Stab: Sleeping          |     2 |     4 ||     6
  Eat: Chunk             |     1 |     4 ||     5
Armor: Scale mail        |     4 |       ||     4
       Leather armour    |     7 |    19 ||    26
Dodge: Dodged            |    18 |    26 ||    44
Block: Shield            |    24 |    45 ||    69
       Rpst.: Long sword |     6 |     9 ||    15
